AoeStats
← Hannibakk

Nomad

508116769Analyzed
2v2 RM · 11d ago on Sep 21, 2026· 30m 26s· 4 players
Game mode
Random Map
Map size
176×176
Population
200
Speed
Normal
Resources
Standard
Victory
Conquest
Starting age
Dark Age
Ending age
Imperial Age
RankedLock teamsTeams togetherTeam positionsShared explorationLock speedFull tech treeHidden civsTurbo modeCheats
Victory
Defeat
🇺🇸 Armenians · United States
1195
+7
🇺🇸 Inca · United States
834
+21
🇨🇷 Romans · Costa Rica
984
-15
🇫🇷 Italians · France
938
-13
Hannibakk
3:25 Loom
16:00 Feudal Age
16:17 Man-at-Arms
19:25 Fishing Lines
23:54 Double-Bit Axe
25:40 Bloodlines
27:34 Castle Age
25:49 Scale Barding Armor
25:55 Forging
30:17 Chain Barding Armor
Spectreassassin
11:46 Loom
14:36 Feudal Age
16:38 Double-Bit Axe
17:54 Wheelbarrow
18:26 Man-at-Arms
21:01 Horse Collar
Gil T
9:19 Loom
13:11 Feudal Age
14:21 Double-Bit Axe
16:56 Wheelbarrow
21:05 Town Watch
23:47 Castle Age
21:42 Stone Mining
23:24 Champi Runner
24:41 Champi Warrior
25:24 Squires
26:47 Forging
26:29 Fletching
28:52 Bodkin Arrow
GISEPPI
6:33 Loom
14:16 Feudal Age
15:50 Double-Bit Axe
22:33 Castle Age
20:21 Town Watch
21:11 Wheelbarrow
20:29 Horse Collar
20:14 Man-at-Arms
22:31 Scale Mail Armor
22:35 Fishing Lines
22:37 Long Swordsman
23:03 Gambesons
24:12 Forging
25:31 Bow Saw
25:39 Fletching
26:53 Chain Mail Armor
27:14 Iron Casting
26:37 Two-Handed Swordsman
27:29 Squires
28:01 Arson
31:10 Hand Cart
30:52 Gillnets
Connection lost

Rejoining the realm…

Still unreachable

The connection could not be restored.

Session expired

The server has moved on; the page needs a fresh start.